[Event "Team 45 45 League T63"]
[Site "Internet Chess Club"]
[Date "2014.12.06"]
[Round "2"]
[White "olivermx"]
[Black "PsyMar"]
[Result "1-0"]
[WhiteElo "1356"]
[BlackElo "1300"]
[Opening "Alekhine's defense"]
[ECO "B03"]
[Time "10:00:31"]
[TimeControl "2700+45"]

1. e4 Nf6 2. e5 Nd5 3. d4 d6 4. exd6 cxd6 5. Bc4 Nb6 6. Bb3 g6 7. Nf3 Bg7 8. O-O
O-O 9. Be3 Bf5 10. Qd2 d5 11. Bh6 Nc6 12. Bxg7 Kxg7 13. a3 f6 14. Nc3 a6 15. Nh4
Bg4 16. Qe3 g5 17. Nf3 Bxf3 18. gxf3 e5 19. Qd2 Nxd4 20. Qd3 Qd7 21. Ne2 Nxb3
22. Qxb3 Nc4 23. Rad1 b5 24. Nc3 d4 25. Ne4 Kh8 26. Nc5 Qf5 27. a4 Nd6 28. axb5
axb5 29. Rfe1 g4 30. Rd3 Rg8 31. Kh1 h5 32. fxg4 Qxf2 33. Rg1 Ra1 34. Rxa1 Rxg4
35. Rg3 Rxg3 36. Qxg3 Qxc2 37. Ne6 Ne8 38. Ra8 Qd1+ 39. Kg2 Qe2+ 40. Kh3 Qf1+
41. Kh4 Qf4+ 42. Nxf4 {Black resigns} 1-0

[Event "Team 45 45 League T63"]
[Site "Internet Chess Club"]
[Date "2014.12.03"]
[Round "2"]
[White "CaptK"]
[Black "drsigmund1"]
[Result "1-0"]
[WhiteElo "1741"]
[BlackElo "1507"]
[Opening "QGD Slav"]
[ECO "A40"]
[Time "20:00:39"]
[TimeControl "2700+45"]

1. d4 e6 2. Nf3 d5 3. c4 c6 4. e3 Nf6 5. Nbd2 Bd6 6. Bd3 dxc4 7. Nxc4 Bc7 8. O-O
O-O 9. b3 Na6 10. Ba3 b5 11. Nce5 b4 12. Bxa6 Bxa6 13. Bxb4 Bxf1 14. Bxf8 Bxg2
15. Kxg2 Qxf8 16. Nxc6 Qd6 17. Nce5 Nd5 18. Rc1 f6 19. Nd3 g5 20. h3 h5 21. Qh1
e5 22. Nc5 g4 23. hxg4 hxg4 24. Nh4 exd4 25. exd4 Nf4+ 26. Kf1 Re8 27. Nf5 Qb6
28. Qh6 Re1+ 29. Rxe1 Qb5+ 30. Kg1 Nh3+ 31. Kg2 Qc6+ 32. Re4 Nf4+ 33. Kh1 Ne6
{Black resigns} 1-0

[Event "Team 45 45 League T63"]
[Site "Internet Chess Club"]
[Date "2014.12.05"]
[Round "2"]
[White "smsxman"]
[Black "tryanything"]
[Result "0-1"]
[WhiteElo "1441"]
[BlackElo "1538"]
[Opening "Four knights: Schultze-Müller gambit"]
[ECO "C47"]
[Time "03:58:00"]
[TimeControl "2700+45"]

1. e4 e5 2. Nf3 Nc6 3. Nc3 Nf6 4. Nxe5 Nxe5 5. d4 Ng6 6. e5 Ng8 7. Bc4 d5 8.
Bxd5 c6 9. Bc4 Be6 10. d5 cxd5 11. Nxd5 Bxd5 12. Bxd5 Qa5+ 13. c3 Rd8 14. Bxf7+
Kxf7 15. Qf3+ Nf6 16. exf6 Qe5+ 17. Be3 Qxf6 18. Qxb7+ Qe7 19. Qb3+ Qe6 20. O-O
Qxb3 21. axb3 Bd6 22. Rxa7+ Kf6 23. Bd4+ Be5 24. Ra6+ Kf7 25. Rd1 Rhe8 26. g3
Bxd4 27. Rxd4 Rxd4 28. cxd4 Rb8 29. Ra3 Rb7 30. Kg2 Ke6 31. Kf3 Kd5 32. b4 Ne7
33. g4 Kxd4 34. Ra4 Kc4 35. h3 Nd5 36. b5+ Kxb5 37. Re4 g6 38. Re5 Kc6 39. Re6+
Kd7 40. Re2 Rb3+ 41. Ke4 Nf6+ 42. Ke5 Ne8 43. Rd2+ Ke7 44. h4 Rb6 45. Kf4 h6 46.
Kg3 Nf6 47. f3 Rb3 48. Re2+ Kd6 49. Kg2 Nd5 50. Rd2 Ke5 51. Kf2 Nf4 52. Kg3 Nd3
53. Re2+ Kf6 54. Re3 g5 55. hxg5+ hxg5 56. Re8 Nxb2 57. Rf8+ Kg7 58. Rc8 Nd3 59.
Rc7+ Kf6 60. Rc6+ Ke7 61. Rc7+ Kd6 62. Rg7 Ne5 63. Rxg5 Rxf3+ 64. Kg2 Ra3 65.
Rg8 Ke6 66. g5 Kf5 67. Rg7 Ng6 68. Rb7 Kxg5 69. Rb4 Nf4+ 70. Kf2 Nd3+ {White
resigns} 0-1

[Event "Team 45 45 League T63"]
[Site "Internet Chess Club"]
[Date "2014.12.06"]
[Round "2"]
[White "GideonL"]
[Black "Leon13"]
[Result "1-0"]
[WhiteElo "1619"]
[BlackElo "1469"]
[Opening "Four knights: Italian variation"]
[ECO "C47"]
[Time "10:02:35"]
[TimeControl "2700+45"]

1. e4 e5 2. Nf3 Nc6 3. Nc3 Nf6 4. Bc4 h6 5. O-O d6 6. d4 Bg4 7. d5 Nd4 8. Be2
Nxe2+ 9. Qxe2 Be7 10. h3 Bh5 11. Qb5+ Nd7 12. Qxb7 Bxf3 13. gxf3 O-O 14. Kh2 Bg5
15. Rg1 Bxc1 16. Raxc1 Rb8 17. Qxa7 Rxb2 18. Qe3 f5 19. Qxh6 Rf7 20. Rg2 fxe4
21. Nxe4 Qf8 22. Rcg1 Nc5 23. Nf6+ {Black resigns} 1-0

[Event "Team 45 45 League T63"]
[Site "Internet Chess Club"]
[Date "2014.12.08"]
[Round "2"]
[White "rgadoury"]
[Black "fuzzface"]
[Result "1-0"]
[WhiteElo "1419"]
[BlackElo "1317"]
[Opening "Sicilian defense"]
[ECO "B30"]
[Time "09:00:24"]
[TimeControl "2700+45"]

1. e4 c5 2. Nf3 Nc6 3. Nc3 e6 4. Bc4 Nge7 5. d3 d5 6. exd5 exd5 7. Bb5 Be6 8.
O-O a6 9. Bxc6+ Nxc6 10. Re1 d4 11. Ne4 Be7 12. a3 h6 13. Bf4 Bg4 14. h3 Bxf3
15. Qxf3 Qd7 16. Bd6 Kd8 17. Nxc5 Ne5 18. Bxe7+ Qxe7 19. Qd5+ Kc8 20. Rxe5 Rd8
21. Qe4 Qc7 22. Re1 Qc6 23. Qf5+ Kb8 24. Qxf7 Ka7 25. b4 Rf8 26. Qd5 Qc7 27. Re7
{Black resigns} 1-0

[Event "Team 45 45 League T63"]
[Site "Internet Chess Club"]
[Date "2014.12.04"]
[Round "2"]
[White "LazyPeon"]
[Black "gtmorton"]
[Result "0-1"]
[WhiteElo "1759"]
[BlackElo "1889"]
[Opening "Scandinavian (center counter) defense"]
[ECO "B01"]
[Time "14:00:11"]
[TimeControl "2700+45"]

1. e4 d5 2. exd5 Qxd5 3. Nc3 Qa5 4. d4 Nf6 5. Bc4 Bg4 6. f3 Bf5 7. Ne2 e6 8. Bd2
Qb6 9. g4 Bg6 10. h4 h6 11. Nf4 Nc6 12. Nxg6 fxg6 13. d5 exd5 14. Qe2+ Be7 15.
Nxd5 Nxd5 16. Bxd5 O-O-O 17. Qe6+ Kb8 18. O-O-O Bf6 19. Bb3 Rhe8 20. Qc4 Ne5 21.
Qf4 Qc6 22. Bc3 g5 23. Rxd8+ Rxd8 24. Qf5 Nxf3 25. Bxf6 Nd4 26. Qf1 Nxb3+ 27.
axb3 gxf6 28. hxg5 fxg5 29. Qh3 Qe4 30. Qxh6 Qxg4 31. Qf6 Re8 32. Rd1 Kc8 33.
Qf2 b6 34. Qf7 Qe4 35. Qd7+ Kb8 36. Rd4 Qe1+ 37. Rd1 Qe2 38. Kb1 g4 39. Rd2 Qf1+
40. Rd1 Re1 41. Qd8+ Kb7 42. Qd5+ Ka6 43. Kc1 Rxd1+ 44. Qxd1 Qxd1+ 45. Kxd1 Kb5
46. Ke2 a5 47. Kf2 Kc5 48. Kg3 Kd4 49. Kxg4 Ke3 50. Kf5 Kd2 {White resigns} 0-1

[Event "Team 45 45 League T63"]
[Site "Internet Chess Club"]
[Date "2014.12.05"]
[Round "2"]
[White "freakypawn"]
[Black "GivePeasAChance"]
[Result "1-0"]
[WhiteElo "1809"]
[BlackElo "1814"]
[Opening "Nimzo-Indian: 4.e3 O-O, 5.Bd3"]
[ECO "E47"]
[Time "19:00:43"]
[TimeControl "2700+45"]

1. d4 Nf6 2. c4 e6 3. Nc3 Bb4 4. e3 O-O 5. Bd3 c5 6. Ne2 d5 7. cxd5 exd5 8. O-O
Bg4 9. f3 Be6 10. a3 Bxc3 11. Nxc3 cxd4 12. exd4 Qb6 13. Be3 Nbd7 14. Na4 Qd6
15. b4 Rac8 16. Nc5 Nxc5 17. dxc5 Qd7 18. Bd4 Nh5 19. Qc2 f5 20. g4 Nf4 21. Bxf5
Bxf5 22. gxf5 Rce8 23. Rae1 Rxe1 24. Rxe1 Rxf5 25. Kh1 Nh3 26. Qe2 Nf4 27. Qe8+
Qxe8 28. Rxe8+ Rf8 29. Rxf8+ Kxf8 30. a4 Ne2 31. Be5 g5 32. Kg2 d4 33. Kf2 d3
34. Ke3 Ng1 35. Kxd3 Nxf3 36. Bg3 Ke7 37. Ke3 g4 38. b5 h5 39. a5 a6 40. c6
{Black resigns} 1-0

[Event "Team 45 45 League T63"]
[Site "Internet Chess Club"]
[Date "2014.12.07"]
[Round "2"]
[White "chessjav"]
[Black "OzymandiasVII"]
[Result "1-0"]
[WhiteElo "1904"]
[BlackElo "1696"]
[Opening "Dutch defense: Dutch-Indian (Nimzo-Dutch) variation"]
[ECO "A90"]
[Time "10:33:40"]
[TimeControl "2700+45"]

1. d4 f5 2. c4 e6 3. g3 Nf6 4. Bg2 Bb4+ 5. Nd2 c6 6. Nh3 O-O 7. a3 Ba5 8. O-O d5
9. b4 Bc7 10. Bb2 Qe8 11. Rc1 Ne4 12. Nf4 Bxf4 13. gxf4 Qh5 14. Nxe4 fxe4 15. e3
Qg6 16. Kh1 Nd7 17. Rg1 Qh6 18. Qg4 Nf6 19. Qg3 Nh5 20. Qh4 Rf6 21. Bxe4 dxe4
22. d5 exd5 23. Bxf6 Qxf6 24. Qxh5 g6 25. cxd5 Bd7 26. dxc6 Bxc6 27. b5 Kh8 28.
Qh6 Rd8 29. bxc6 bxc6 30. Qg5 {Black resigns} 1-0

[Event "Team 45 45 League T63"]
[Site "Internet Chess Club"]
[Date "2014.12.06"]
[Round "2"]
[White "Cronan"]
[Black "mattp108"]
[Result "0-1"]
[WhiteElo "1594"]
[BlackElo "1727"]
[Opening "Caro-Kann: exchange, Rubinstein variation"]
[ECO "B13"]
[Time "14:00:17"]
[TimeControl "2700+45"]

1. e4 c6 2. d4 d5 3. exd5 cxd5 4. Bd3 Nc6 5. c3 Nf6 6. Bf4 Bg4 7. Qb3 Qc8 8. Nd2
e6 9. Ngf3 Be7 10. O-O O-O 11. h3 Bh5 12. Rae1 Bg6 13. Qc2 Bxd3 14. Qxd3 Nh5 15.
Bh2 Qd7 16. Ne5 Nxe5 17. dxe5 g6 18. g4 Ng7 19. Nf3 Rfc8 20. Bf4 Qa4 21. Bh6
Qxa2 22. Kh2 Qxb2 23. Rb1 Qxc3 {White resigns} 0-1

[Event "Team 45 45 League T63"]
[Site "Internet Chess Club"]
[Date "2014.12.07"]
[Round "2"]
[White "lacibacsi"]
[Black "kidcobra"]
[Result "1-0"]
[WhiteElo "2004"]
[BlackElo "1772"]
[Opening "Queen's bishop game"]
[ECO "D02"]
[Time "15:44:08"]
[TimeControl "2700+45"]

1. d4 Nf6 2. Nf3 d5 3. Bf4 e6 4. e3 c5 5. c3 Nh5 6. Bg3 Nxg3 7. hxg3 Nd7 8. Bd3
Nf6 9. Nbd2 c4 10. Bc2 Qc7 11. Ne5 Bd6 12. f4 Bd7 13. Qe2 h6 14. O-O h5 15. e4
Bxe5 16. fxe5 Ng4 17. Qf3 O-O-O 18. b3 dxe4 19. Bxe4 cxb3 20. axb3 Kb8 21. Nc4
Bb5 22. Qxf7 Qxf7 23. Rxf7 Rd7 24. Rxd7 Bxd7 25. Rf1 Be8 26. Nd6 Bc6 27. Bxc6
bxc6 28. Rf7 g5 29. Rb7+ Ka8 30. Re7 Rb8 31. Re8 Ne3 32. Rxb8+ Kxb8 33. Nf7 Nd1
34. c4 Nc3 35. Kf1 Ne4 36. Ke1 Kc7 37. g4 hxg4 38. Ke2 Kd7 39. Ke3 Nc3 40. Nxg5
Na2 41. Ne4 Nb4 42. Nc5+ Ke7 43. Kf4 Nc2 44. Ke4 Nb4 45. Nd3 Nc2 46. Nc5 Nb4 47.
g3 Kf7 48. Nd7 Kg6 49. Nf8+ Kf7 50. Nd7 Kg6 51. Nf6 Nc2 52. Nxg4 Na1 53. d5
cxd5+ 54. cxd5 Nxb3 55. dxe6 Na5 56. Kd5 Nb7 57. Kc6 Na5+ 58. Kd7 Nb7 59. e7
Nc5+ 60. Kc6 Kf7 61. Kxc5 Kxe7 62. Kb5 Ke6 63. Ka6 Kf5 64. Kxa7 Kxg4 65. e6 Kxg3
66. e7 Kf4 67. e8=Q Kf5 68. Kb6 Kf6 69. Kc5 Kf5 70. Kd4 Kf6 71. Qe5+ Kf7 72. Kd5
Kg6 73. Ke6 Kh6 74. Kf7 Kh7 75. Qh2# {Black checkmated} 1-0

[Event "Team 45 45 League T63"]
[Site "Internet Chess Club"]
[Date "2014.12.06"]
[Round "2"]
[White "RamRock"]
[Black "Tobiasdelmonte"]
[Result "0-1"]
[WhiteElo "1692"]
[BlackElo "1841"]
[Opening "Sicilian defense"]
[ECO "B20"]
[Time "16:00:48"]
[TimeControl "2700+45"]

1. e4 c5 2. d3 d5 3. Nc3 d4 4. Nce2 e5 5. g3 Be7 6. f4 Nc6 7. Bh3 f5 8. exf5 Qd5
9. Kf2 Qxh1 10. Bg2 Qxh2 11. Nf3 Qh5 12. fxe5 Qxf5 13. Nf4 g5 14. g4 Qf7 15. Nh5
Nxe5 16. Kg1 Bxg4 17. Nxe5 Bxd1 18. Nxf7 Kxf7 19. Ng3 Bxc2 20. Bd2 Bxd3 21. Bd5+
Kg6 22. Re1 Nf6 23. Bxb7 Bd6 {White resigns} 0-1

[Event "Team 45 45 League T63"]
[Site "Internet Chess Club"]
[Date "2014.12.06"]
[Round "2"]
[White "FourKnights"]
[Black "Timotheous"]
[Result "0-1"]
[WhiteElo "1728"]
[BlackElo "1817"]
[Opening "Benkö gambit half accepted"]
[ECO "A57"]
[Time "14:19:50"]
[TimeControl "2700+45"]

1. d4 Nf6 2. c4 c5 3. d5 b5 4. cxb5 a6 5. f3 d6 6. e4 Nbd7 7. Nc3 g6 8. bxa6 Bg7
9. Bb5 Bxa6 10. Nge2 Bxb5 11. Nxb5 Qa5+ 12. Nbc3 O-O 13. O-O Rfb8 14. Qc2 Qa6
15. Rb1 Ne5 16. Bf4 Nd3 17. Qd2 Nxf4 18. Qxf4 Nd7 19. Qg5 Bf6 20. Qd2 Ne5 21.
Rfd1 Nc4 22. Qc1 Ne5 23. Qd2 c4 24. Nd4 Nd3 25. Nc6 Qb6+ 26. Kf1 Rb7 27. g3 Bxc3
28. Nxe7+ Rxe7 29. bxc3 Qa7 30. Ra1 Rb7 31. Rdb1 Rab8 32. Rxb7 Rxb7 {White
forfeits on time} 0-1

[Event "Team 45 45 League T63"]
[Site "Internet Chess Club"]
[Date "2014.12.06"]
[Round "2"]
[White "hewdondada"]
[Black "amicusUK"]
[Result "0-1"]
[WhiteElo "1733"]
[BlackElo "1676"]
[Opening "Trompowsky attack (Ruth, Opocenský opening)"]
[ECO "A45"]
[Time "16:04:33"]
[TimeControl "2700+45"]

1. d4 Nf6 2. Bg5 c6 3. Bxf6 gxf6 4. c4 Qb6 5. b3 e5 6. dxe5 fxe5 7. Nc3 Bb4 8.
Qc2 d6 9. e3 Na6 10. a3 Qa5 11. Ne2 Bxc3+ 12. Nxc3 Bf5 13. Qb2 O-O 14. g3 Rad8
15. Bg2 Rfe8 16. O-O Qc7 17. Rfd1 Re6 18. b4 Rh6 19. Qd2 Bg4 20. Rdb1 Be6 21.
Qe2 Qc8 22. Rd1 Bg4 23. Bf3 Bxf3 24. Qxf3 Qh3 25. Qh1 f5 26. Ne2 Rd7 27. Qg2 Qg4
28. Rd2 Qxc4 29. Rad1 Qf7 30. f4 e4 31. Nd4 Nc7 32. h4 Ne6 33. Ne2 Ng7 34. Nd4
Qh5 35. Qh3 Rg6 36. Kh2 Qg4 37. Qxg4 Rxg4 38. Kh3 Kf7 39. Nxf5 Nxf5 40. Kxg4
Nxe3+ 41. Kg5 Nxd1 42. Rxd1 d5 43. f5 d4 44. Kf4 e3 45. Kf3 b6 46. Rc1 Rd6 47.
g4 Kf6 48. Kf4 e2 49. g5+ Kf7 50. Re1 d3 51. Ke3 d2 52. Kxe2 dxe1=Q+ 53. Kxe1
Rd5 54. f6 Rd4 55. h5 Rd5 {White resigns} 0-1

[Event "Team 45 45 League T63"]
[Site "Internet Chess Club"]
[Date "2014.12.07"]
[Round "2"]
[White "CogitoErgoSum"]
[Black "primerpaso"]
[Result "1-0"]
[WhiteElo "1958"]
[BlackElo "1919"]
[Opening "Sicilian: Najdorf, Byrne (English) attack"]
[ECO "B90"]
[Time "19:29:29"]
[TimeControl "2700+45"]

1. e4 c5 2. Nf3 d6 3. d4 cxd4 4. Nxd4 Nf6 5. Nc3 a6 6. Be3 e5 7. Nb3 Be6 8. f3
Nbd7 9. Qd2 Qc7 10. g4 h6 11. h4 b5 12. a4 b4 13. Nd5 Bxd5 14. exd5 Nb6 15. Bxb6
Qxb6 16. O-O-O Be7 17. Bd3 Nd7 18. Kb1 Nc5 19. Nxc5 Qxc5 20. f4 Qc7 21. g5 Qb6
22. fxe5 dxe5 23. Qe2 Bd6 24. gxh6 Rxh6 25. Qg4 Bf8 26. Rhe1 Qd6 27. Qg5 f6 28.
Bg6+ Kd8 29. Qg4 Qd7 30. Bf5 Qd6 31. Re4 Rb8 32. Rc4 Ke7 33. Rc6 Qd8 34. Bg6 Qd7
35. Rc7 {Black resigns} 1-0

[Event "Team 45 45 League T63"]
[Site "Internet Chess Club"]
[Date "2014.12.07"]
[Round "2"]
[White "Heian"]
[Black "bobhill"]
[Result "0-1"]
[WhiteElo "1787"]
[BlackElo "1988"]
[Opening "Sicilian"]
[ECO "B50"]
[Time "13:42:30"]
[TimeControl "2700+45"]

1. e4 c5 2. Nf3 d6 3. Bc4 Nc6 4. c3 Nf6 5. d3 a6 6. h3 b5 7. Bb3 g6 8. O-O Bg7
9. Be3 O-O 10. Nbd2 Bd7 11. Nh2 b4 12. Ndf3 a5 13. Qd2 a4 14. Bc2 a3 15. bxa3
bxc3 16. Qc1 Qa5 17. a4 Nb4 18. a3 Nxc2 19. Qxc2 Bxa4 20. Qc1 Qa6 21. Bh6 Qxd3
22. e5 Nh5 23. Ng4 d5 24. Bxg7 Nxg7 25. Qf4 Nf5 26. Rfe1 Bb3 27. Re3 Nxe3 28.
fxe3 d4 29. exd4 cxd4 30. Qh6 f6 31. Re1 Qa6 32. exf6 exf6 33. Qf4 d3 34. Nh6+
Kh8 35. Re7 d2 36. Qc7 Qa7+ 37. Qxa7 Rxa7 38. Rxa7 d1=Q+ 39. Kh2 c2 {White
resigns} 0-1

[Event "Team 45 45 League T63"]
[Site "Internet Chess Club"]
[Date "2014.12.05"]
[Round "2"]
[White "misuc56"]
[Black "Portola"]
[Result "1-0"]
[WhiteElo "1838"]
[BlackElo "1834"]
[Opening "Queen's gambit declined"]
[ECO "D30"]
[Time "09:32:39"]
[TimeControl "2700+45"]

1. d4 d5 2. c4 e6 3. e3 Nf6 4. Nc3 Be7 5. Bd2 O-O 6. h3 b6 7. Nf3 Bb7 8. Rc1 c5
9. cxd5 exd5 10. Be2 Nc6 11. O-O a6 12. a3 Re8 13. Be1 Bf8 14. Bd3 c4 15. Be2 b5
16. Nh2 Na5 17. Bf3 Nb3 18. Rb1 Bc6 19. Na2 a5 20. Nc1 Nxc1 21. Qxc1 b4 22. axb4
axb4 23. Ra1 Qb6 24. Rxa8 Rxa8 25. Bd2 Ne4 26. Bxe4 dxe4 27. Re1 Bd5 28. Rf1 Qg6
29. Qe1 c3 30. bxc3 bxc3 31. Bxc3 Bc4 32. Qb1 Bxf1 33. Nxf1 Rc8 34. Bd2 Qe6 35.
Ng3 f5 36. Qb5 g6 37. Bb4 Bxb4 38. Qxb4 Rd8 39. Ne2 Qd6 40. Qb3+ Kh8 41. Nf4 Rb8
42. Qe6 Qxe6 43. Nxe6 Rb6 44. Nf4 Kg7 45. h4 h6 46. g3 g5 47. hxg5 hxg5 48. Nd5
Rd6 49. Nc3 Kg6 50. Kg2 Kh5 51. Na4 Kg4 52. Nc5 Rd8 53. Ne6 Rd6 54. Nc5 Rd5 55.
Ne6 f4 56. gxf4 gxf4 57. Nxf4 Rd8 58. Ne6 Rd6 59. Nf4 Rd8 60. Ne6 Rd6 61. Nc5
Kf5 62. f3 exf3+ 63. Kxf3 Kg6 64. Ke4 Rd8 65. Ke5 Re8+ 66. Ne6 Kf7 67. d5 Re7
68. e4 Ra7 69. Kf5 Ra5 70. Nd8+ Ke8 71. Nc6 Rc5 72. Ke6 Rc4 73. e5 Rh4 74. Kd6
Rh6+ 75. e6 Rh5 76. Ne5 Rg5 77. Nd3 Rf5 78. Nc5 Rg5 79. Na6 Rg7 80. Ke5 Rg5+ 81.
Kf6 Rh5 82. Nc7+ Kd8 83. e7+ Kxc7 84. e8=Q Rxd5 85. Qe7+ Rd7 86. Qc5+ Kd8 87.
Ke6 Rh7 88. Qd4+ Ke8 89. Qf6 {Black resigns} 1-0

[Event "Team 45 45 League T63"]
[Site "Internet Chess Club"]
[Date "2014.12.07"]
[Round "2"]
[White "QuieroAprender"]
[Black "Beetlejuice"]
[Result "1/2-1/2"]
[WhiteElo "1600"]
[BlackElo "1789"]
[Opening "Sicilian: Taimanov variation"]
[ECO "B49"]
[Time "11:11:23"]
[TimeControl "2700+45"]

1. e4 c5 2. Nf3 e6 3. d4 cxd4 4. Nxd4 Nc6 5. Nc3 Qc7 6. Be3 a6 7. Be2 Nf6 8. a3
Be7 9. O-O b5 10. h3 Bb7 11. f3 Na5 12. Rc1 Nh5 13. Bd3 Nc4 14. Bxc4 Qxc4 15.
Qd3 Qc7 16. Nce2 d5 17. exd5 Bxd5 18. Rf2 O-O 19. Nc3 Bb7 20. Ne4 Rfd8 21. Qc3
Qxc3 22. Nxc3 Nf6 23. Re2 Rac8 24. Bf2 Bxa3 25. bxa3 Rxc3 26. Re3 Rdc8 27. Rxc3
Rxc3 28. Nb3 Bd5 29. Bd4 Rc8 30. Nc5 a5 31. c3 a4 32. Rb1 Bc6 33. Bxf6 gxf6 34.
Nd3 Rd8 35. Nb4 Bd5 36. Kf2 Bc4 37. Ke3 {Game drawn by mutual agreement} 1/2-1/2

[Event "Team 45 45 League T63"]
[Site "Internet Chess Club"]
[Date "2014.12.07"]
[Round "2"]
[White "jjmolina"]
[Black "thecube"]
[Result "1/2-1/2"]
[WhiteElo "1715"]
[BlackElo "1870"]
[Opening "Giuoco Pianissimo"]
[ECO "C50"]
[Time "14:20:15"]
[TimeControl "2700+45"]

1. e4 e5 2. Nf3 Nc6 3. Bc4 Bc5 4. d3 Nf6 5. c3 O-O 6. Bg5 h6 7. Bh4 Be7 8. O-O
d6 9. Nbd2 a6 10. a4 d5 11. Bxf6 dxc4 12. Bxe7 Qxe7 13. Nxc4 Rd8 14. Qe2 Bg4 15.
Qe3 Rd7 16. Rfd1 Rad8 17. Rd2 Qf6 18. Ne1 Be6 19. Qc5 Bg4 20. a5 Qe6 21. Qe3 Qe7
22. f3 Be6 23. b3 Kf8 24. Raa2 Kg8 25. Rd1 Kf8 26. Rda1 Kg8 27. Ra4 Kf8 28. Qf2
Kg8 29. R4a3 Kf8 30. Ne3 Kg8 31. b4 Kf8 32. g3 Kg8 33. h4 Kf8 34. Kh2 Kg8 35.
Kg1 Kf8 36. Ra4 Kg8 37. Rb1 Na7 38. c4 Nc6 39. b5 Nd4 40. bxa6 bxa6 41. Rb7 Qc5
42. Kf1 Qc6 43. Rab4 {Game drawn by mutual agreement} 1/2-1/2

[Event "Team 45 45 League T63"]
[Site "Internet Chess Club"]
[Date "2014.12.06"]
[Round "2"]
[White "OperaDude94"]
[Black "Crazyblue86"]
[Result "1-0"]
[WhiteElo "1694"]
[BlackElo "1702"]
[Opening "Grünfeld: exchange variation"]
[ECO "D85"]
[Time "13:01:37"]
[TimeControl "2700+45"]

1. d4 Nf6 2. c4 g6 3. Nc3 d5 4. cxd5 Nxd5 5. e4 Nxc3 6. bxc3 Bg7 7. Bb5+ c6 8.
Ba4 O-O 9. Ne2 c5 10. O-O a6 11. Be3 b5 12. Bb3 c4 13. Bc2 Bb7 14. Qd2 Nc6 15.
Bh6 Qc7 16. Bxg7 Kxg7 17. Rad1 Rad8 18. Qg5 h6 19. Qe3 Qa5 20. Bb1 e6 21. d5
exd5 22. exd5 Rfe8 23. Qc5 Nb8 24. Rfe1 Re5 25. Nf4 Rxe1+ 26. Rxe1 Qxc3 27. Rd1
Qe5 28. g3 g5 29. Nh5+ Kh8 30. Qb6 Rxd5 31. Rxd5 Bxd5 32. Qxh6+ {Black resigns}
1-0

[Event "Team 45 45 League T63"]
[Site "Internet Chess Club"]
[Date "2014.12.09"]
[Round "2"]
[White "elmaestro"]
[Black "Schachteufel"]
[Result "0-1"]
[WhiteElo "1794"]
[BlackElo "1676"]
[Opening "KGD: Falkbeer, 3...e4"]
[ECO "C32"]
[Time "09:00:34"]
[TimeControl "2700+45"]

1. e4 e5 2. f4 d5 3. exd5 e4 4. Nc3 Nf6 5. Bc4 c6 6. d3 Bb4 7. a3 Bxc3+ 8. bxc3
cxd5 9. Bb3 O-O 10. Ne2 Nc6 11. O-O Re8 12. d4 e3 13. Qd3 Ng4 14. g3 Nf2 15.
Rxf2 exf2+ 16. Kxf2 Bg4 17. Ng1 Qe7 18. Bd2 Rad8 19. h3 Bc8 20. Re1 Qd6 21.
Rxe8+ Rxe8 22. Qf3 Ne7 23. c4 dxc4 24. Ba4 Bd7 25. Bxd7 Qxd7 26. c3 Qc6 27. Qxc6
Nxc6 28. d5 Ne7 29. d6 Nf5 30. d7 Rd8 31. g4 Nd6 32. Be3 a6 33. Nf3 f6 34. Bd4
Rxd7 35. a4 b5 36. a5 Nb7 37. Bb6 Rd3 38. g5 Rxc3 39. gxf6 gxf6 40. Nd4 Rxh3 41.
Nc6 Ra3 42. Ke2 h5 43. f5 Nd6 44. Bc5 Ra2+ 45. Kf1 Nxf5 46. Bb4 h4 47. Nb8 h3
48. Kg1 h2+ 49. Kh1 Ng3# {White checkmated} 0-1

[Event "Team 45 45 League T63"]
[Site "Internet Chess Club"]
[Date "2014.12.06"]
[Round "2"]
[White "pokerram"]
[Black "pishd"]
[Result "0-1"]
[WhiteElo "1649"]
[BlackElo "1772"]
[Opening "French: advance, Paulsen attack"]
[ECO "C02"]
[Time "11:00:51"]
[TimeControl "2700+45"]

1. e4 e6 2. d4 d5 3. e5 c5 4. c3 Nc6 5. Nf3 Nge7 6. Bd3 cxd4 7. cxd4 Nf5 8. Bxf5
exf5 9. Nc3 Be6 10. Ne2 Rc8 11. h4 h6 12. Nf4 Be7 13. Nxe6 fxe6 14. h5 O-O 15.
Bf4 Qb6 16. Rb1 Nb4 17. a3 Nc2+ 18. Kf1 Rc6 19. Rh3 Qa6+ 20. Kg1 b5 21. Rg3 Kh7
22. Rg6 Rf7 23. Qd2 Bf8 24. Rc1 Rfc7 25. Ng5+ hxg5 26. Bxg5 Nxd4 27. Rxc6 Nxc6
28. Rxe6 Qc8 29. Qxd5 Ne7 30. Rxe7 Bxe7 31. Bxe7 Rxe7 32. Qxb5 Qc1+ 33. Kh2 Qf4+
34. Kg1 Rxe5 35. Qf1 Qd2 36. Kh2 Qe2 37. Qc1 Qxh5+ 38. Kg1 Qe8 39. Qg5 Re1+ 40.
Kh2 Qg6 41. Qf4 Qh6+ {White resigns} 0-1

[Event "Team 45 45 League T63"]
[Site "Internet Chess Club"]
[Date "2014.12.06"]
[Round "2"]
[White "harishbn"]
[Black "fledermaus"]
[Result "1-0"]
[WhiteElo "1865"]
[BlackElo "1881"]
[Opening "Sicilian: Smith-Morra gambit"]
[ECO "B21"]
[Time "10:48:30"]
[TimeControl "2700+45"]

1. e4 c5 2. d4 cxd4 3. c3 d5 4. exd5 Qxd5 5. cxd4 Nc6 6. Nf3 Bg4 7. Nc3 Qd6 8.
Nb5 Qd8 9. d5 Ne5 10. Bf4 Qa5+ 11. Qd2 Nxf3+ 12. gxf3 Qxd2+ 13. Kxd2 Bxf3 14.
Nc7+ Kd8 15. Nxa8 Bxh1 16. Bc7+ Kc8 17. Bh3+ e6 18. dxe6 Bb4+ 19. Ke2 Bc6 20.
e7+ {Black resigns} 1-0

[Event "Team 45 45 League T63"]
[Site "Internet Chess Club"]
[Date "2014.12.07"]
[Round "2"]
[White "parrot9"]
[Black "bshribharath"]
[Result "0-1"]
[WhiteElo "1674"]
[BlackElo "1784"]
[Opening "Philidor: exchange variation"]
[ECO "C41"]
[Time "09:01:42"]
[TimeControl "2700+45"]

1. e4 e5 2. Nf3 d6 3. d4 exd4 4. Nxd4 Nf6 5. Nc3 Be7 6. f3 Bd7 7. Be3 Nc6 8. Qd2
Nxd4 9. Bxd4 Be6 10. O-O-O Qd7 11. g4 h6 12. h4 a6 13. Be3 O-O-O 14. Qd4 c5 15.
Qd2 d5 16. exd5 Nxd5 17. Nxd5 Qxd5 18. Bd3 Qxa2 19. Qc3 Kb8 20. b3 c4 21. Kd2
Rxd3+ {White resigns} 0-1

[Event "Team 45 45 League T63"]
[Site "Internet Chess Club"]
[Date "2014.12.02"]
[Round "2"]
[White "Innes"]
[Black "hondocando"]
[Result "1-0"]
[WhiteElo "1617"]
[BlackElo "1598"]
[Opening "Sicilian"]
[ECO "B50"]
[Time "18:00:24"]
[TimeControl "2700+45"]

1. e4 c5 2. Nf3 d6 3. Bc4 Nf6 4. Nc3 Nc6 5. h3 e6 6. d3 Be7 7. O-O O-O 8. a3 a6
9. Bf4 Bd7 10. e5 dxe5 11. Nxe5 Nxe5 12. Bxe5 Bc6 13. Qe2 Bd6 14. Rfe1 Bxe5 15.
Qxe5 Qd4 16. a4 Nd7 17. Qg3 b5 18. axb5 axb5 19. Rxa8 Rxa8 20. Bxb5 Bxb5 21.
Nxb5 Qb4 22. Nc3 Qxb2 23. Ne4 Qxc2 24. Qf3 Rd8 25. Ng5 Nf6 26. Qb7 Rf8 27. Qe7
Qd2 28. Nf3 Qxd3 29. Qxc5 h6 30. Re3 Qd5 31. Qa3 Ra8 32. Qc3 Qd1+ 33. Re1 Qa4
34. Ne5 Qa5 35. Qe3 Nd5 36. Qe4 f5 37. Qe2 Nf4 38. Qe3 g5 39. Rd1 Nd5 40. Qf3
Nf4 41. Nc6 Qa4 42. Rd4 Qa2 43. Kh2 Kg7 44. Rd7+ Kf8 45. Qc3 Ke8 46. Re7+ Kf8
47. Qg7# {Black checkmated} 1-0

[Event "Team 45 45 League T63"]
[Site "Internet Chess Club"]
[Date "2014.12.07"]
[Round "2"]
[White "achessman"]
[Black "nilobasenji"]
[Result "1-0"]
[WhiteElo "1992"]
[BlackElo "1790"]
[Opening "Petrov: Nimzovich attack"]
[ECO "C42"]
[Time "17:01:26"]
[TimeControl "2700+45"]

1. e4 e5 2. Nf3 Nf6 3. Nxe5 d6 4. Nf3 Nxe4 5. Nc3 Nxc3 6. dxc3 Be7 7. Bf4 O-O 8.
Qd2 Nd7 9. O-O-O Nc5 10. h3 Re8 11. Be3 Ne4 12. Qd5 Bf6 13. Bc4 Qe7 14. Nd2 Nxd2
15. Qxd2 Be6 16. Bd3 a5 17. Kb1 a4 18. g4 g6 19. Bd4 Bxd4 20. cxd4 Qf6 21. c3 a3
22. b3 c5 23. Bb5 Red8 24. Rhe1 cxd4 25. Qxd4 Qh4 26. Rd3 Ra5 27. Qb6 Rxb5 28.
Qa7 Rc5 29. Re2 Qf6 30. Qxa3 Rxc3 31. Qb2 Rdc8 32. Rc2 h5 33. Rdxc3 Rxc3 34.
Qxc3 Qf4 35. Qe3 Qh2 36. Kb2 hxg4 37. hxg4 Qh8+ 38. Qc3 Qh4 39. f3 Qg3 40. Rd2
Qf4 41. Rd4 Qh2+ 42. Ka3 d5 43. Ra4 Qd6+ 44. Qb4 Qc7 45. Ra8+ Kh7 46. Qe1 Qc5+
47. b4 Qe7 48. Qh1+ {Black resigns} 1-0